 Dungeon Crawl Stone Soup version 0.30.0-29-ga12c61a403 (webtiles) character file.

Game seed: 112932544803854392

21737 javelincjr the Fighter (level 13, -6/94 (99) HPs)
             Began as a Djinni Conjurer on June 6, 2023.
             Was an Elder of Qazlal.
             Killed from afar by a tengu reaver (12 damage)
             ... with a bolt of fire
             ... on level 12 of the Dungeon.
             The game lasted 01:13:14 (14802 turns).

javelincjr the Fighter (Djinni Conjurer)           Turns: 14802, Time: 01:13:18

HP:   -6/94 (99)    AC: 12    Str:  8    XL:     13   Next: 22%
Gold: 710           EV: 13    Int: 24    God:    Qazlal [****..] SH: 11 Dex: 11

rFire   + + .        p - +6 shillelagh "Devastator" {shatter}
rCold   . . .        P - +1 buckler {rC+}
rNeg    . . .        Q - +3 troll leather armour
rPois   ∞            (helmet restricted)
rElec   .            (no cloak)
rCorr   .            (no gloves)
SInv    .            (boots unavailable)
Will    +....        (no amulet)
Stlth   +            v - ring of wizardry
HPRegen 1.15/turn    k - +4 ring of protection
MPRegen 0.00/turn

%: repel missiles, clarity, wizardry (x1), infuse magic (-7 HP)
@: flying, drained
A: sickness immunity, fire resistance 2, cold vulnerability 1, float, innate
caster, HP casting, extra vitality 1, horns 1, clarity, MP-powered wands
a: Renounce Religion, Upheaval, Elemental Force


You were on level 12 of the Dungeon.
You worshipped Qazlal.
Qazlal was greatly pleased with you.
You visited 2 branches of the dungeon, and saw 13 of its levels.

You collected 736 gold pieces.
You spent 26 gold pieces at shops.

Inventory:

Hand Weapons
 c - a +3 shortbow
 m - a +1 morningstar of protection
 p - the +6 shillelagh "Devastator" (weapon) {shatter}
   (You found it on level 8 of the Dungeon)
 E - a +2 dagger of electrocution
 G - a +2 short sword of venom
 J - a +6 vampiric dagger
 L - a +5 halberd
 W - a +2 morningstar of protection
Missiles
 O - a throwing net
Armour
 a - a +0 robe
 q - a +0 helmet
 B - +0 acid dragon scales
 I - the +0 chain mail "Qimeb" {Rampage rPois rF- Int+3}
   (You took it off an orc on level 7 of the Dungeon)

   Int:       It affects your intelligence (+3).
   rF:        It makes you vulnerable to fire.
   rPois:     It protects you from poison.
   Rampage:   It bestows one free step when moving towards enemies.
 P - a +1 buckler of cold resistance (worn)
 Q - a +3 troll leather armour (worn)
Magical Staves
 t - a staff of conjuration
Jewellery
 e - a ring of resist corrosion
 k - a +4 ring of protection (right hand)
 v - a ring of wizardry (left hand)
 y - the ring of Ywuochee {Drain rPois Will+ Dex-5 Stlth+}
   (You took it off a centaur warrior on level 12 of the Dungeon)

   [ring of willpower]

   Dex:       It affects your dexterity (-5).
   rPois:     It protects you from poison.
   Drain:     It drains your maximum health when unequipped.
   Will:      It increases your willpower.
   Stlth:     It makes you more stealthy.
 C - a +6 ring of dexterity
 D - a ring of positive energy
 X - a ring of ice
Wands
 d - a wand of flame (68)
 h - a wand of paralysis (11)
 H - a wand of iceblast (11)
 Y - a wand of quicksilver (1)
Scrolls
 f - 5 scrolls of teleportation
 n - 3 scrolls of amnesia
 r - 2 scrolls of brand weapon
 w - 4 scrolls of vulnerability
 K - a scroll of fear {unknown}
 M - 3 scrolls of silence
 R - 2 scrolls of poison {unknown}
 V - 2 scrolls of blinking {unknown}
Potions
 b - 3 potions of might
 g - a potion of mutation
 i - 4 potions of cancellation
 j - 6 potions of curing
 l - 3 potions of magic
 o - a potion of berserk rage {unknown}
 s - 2 potions of flight
 u - 2 potions of attraction {unknown}
 x - a potion of resistance {unknown}
 z - 2 potions of haste
 A - a potion of ambrosia {unknown}
 F - 2 potions of brilliance {unknown}
 N - 2 potions of lignification {unknown}
 S - 2 potions of degeneration {unknown}
 U - a potion of heal wounds
Miscellaneous
 T - a condenser vane


   Skills:
 * Level 11.5 Fighting
 + Level 2.8 Maces & Flails
 + Level 7.9 Armour
 + Level 9.1 Dodging
 - Level 1.5 Stealth
 + Level 3.4 Shields
 * Level 9.6 Spellcasting
 + Level 5.8 Invocations


You knew the following spells:

 Your Spells              Type           Power      Damage    Failure   Level
a - Magic Dart            Conj           100%       1d8       1%          1
b - Searing Ray           Conj           100%       2d8       1%          2
c - Dazzling Flash        Conj/Hex       100%       N/A       1%          3
d - Fulminant Prism       Conj/Hex       27%        3d14      1%          4
e - Iskenderun's Mystic   Conj/Tloc      55%        2d12      1%          4
f - Sandblast             Erth           100%       2d20      1%          1
g - Ensorcelled Hibernat  Hex/Ice        100%       N/A       1%          2
h - Stone Arrow           Conj/Erth      100%       3d13      1%          3
i - Anguish               Hex/Necr       27%        N/A       1%          4
j - Summon Mana Viper     Hex/Summ       55%        N/A       2%          5
k - Lee's Rapid Deconstr  Erth           27%        3d15*     2%          5
Your spell library was empty.

Dungeon Overview and Level Annotations

Branches:
Dungeon (12/15)            Temple (1/1) D:4            Lair (0/5) D:8
    Orc (0/2) D:10

Altars:
Ashenzari
Cheibriados
Dithmenos
Elyvilon
Fedhas
Gozag
Hepliaklqana
Makhleb
Nemelex Xobeh
Okawaru
Qazlal
Ru
Trog
Uskayaw
Wu Jian
Xom
Yredelemnul
Zin
The Shining One

Shops:
D:3 ?   D:6 (


Innate Abilities, Weirdness & Mutations

You are immune to sickness and miasma.
You are immune to poison.
Your flesh is very heat resistant. (rF++)
You are vulnerable to cold. (rC-)
You float through the air rather than walking.
You learn spells naturally, not from books.
Your magical power is your life essence.
You have superior vitality. (+4 MHP)
You have a pair of small horns on your head.
You possess an exceptional clarity of mind.
You expend health (3 HP) to strengthen your wands.


Message History

Confirm with . or Enter, or press ? or * to list all spells.
Aiming: Fulminant Prism (mildly dangerous; 1% risk of failure)
Press: ? - help, Dir - move target You conjure a prism of explosive energy!
A fulminant prism comes into view.
Casting: Fulminant Prism (mildly dangerous; 1% risk of failure)
Confirm with . or Enter, or press ? or * to list all spells.
Aiming: Fulminant Prism (mildly dangerous; 1% risk of failure)
Press: ? - help, Dir - move target You conjure a prism of explosive energy!
A fulminant prism comes into view.
The tengu reaver is engulfed in freezing vapours.
Casting: Fulminant Prism (mildly dangerous; 1% risk of failure)
Confirm with . or Enter, or press ? or * to list all spells.
Aiming: Fulminant Prism (mildly dangerous; 1% risk of failure)
Press: ? - help, Dir - move target, f - tengu reaver
Aim: a tengu reaver, wielding a +0 broad axe, wearing a +0 scale mail and wearing a +0 buckler (lightly wounded, ally target)
Okay, then.
Casting: Fulminant Prism (mildly dangerous; 1% risk of failure)
Confirm with . or Enter, or press ? or * to list all spells.
You erupt in a blast of force!
The mystic blast hits the tengu reaver!
The tengu reaver is moderately wounded.
The tengu reaver is knocked back by the mystic blast.
Your fulminant prism crackles loudly.
The stone arrow hits the tengu reaver!
The tengu reaver is moderately wounded.
Your fulminant prism explodes!
The blast of energy engulfs the tengu reaver!
The tengu reaver is heavily wounded.
The tengu reaver gestures at you while chanting.
The bolt of cold hits you!!!
Ouch! That really hurt!
* * * LOW HITPOINT WARNING * * *
Activating: Elemental Force (7% risk of failure)
Press: ? - help, Dir - look around, f - activate Clouds arounds you coalesce and take form!
You can no longer call upon nature's wrath in a wide area around you.
The tengu reaver gestures at you while chanting.
The bolt of fire hits you! You resist.
You die...

#.# #. ##....##. ##. #.# #. #
.##}...##.[##. #.#
#.###..######..###. #.#####
#..##...####..)##.. #.....#
#.###........###.# #####.#
#..###......###..# ####.#
#QE.##......##...# # ##.##.#
#.#..*Q...........
####.....#######@#...............
'...........)...........'........
####...#########.#E<.####........
# ##..# #.##.## #....... ######.#
#.#### ##.....# .....#.# ##.##
##...## ####.#.# ##.#.## ##'##
#.#.# ##.###.##### #.# ####.#.#
#.## ##....# #.#


You could see a tengu reaver (ally target) and 2 friendly water elementals.

Vanquished Creatures
  Fannar (D:11)
  A centaur warrior (D:12)
  2 two-headed ogres
  A boulder beetle (D:12)
  Urug (D:11)
  A skeletal warrior (D:12)
  An ugly thing (D:11)
  A deep elf pyromancer (D:12)
  A manticore (D:12)
  A cyclops (D:12)
  5 gargoyles
  2 unseen horrors
  2 trolls
  9 slime creatures (D:12)
  Sigmund (D:2)
  2 centaur simulacra (D:12)
  A shadow (D:7)
  2 wraiths
  3 wyverns
  23 yaks
  A basilisk (D:12)
  4 steam dragons
  Edmund (D:4)
  2 wargs (D:8)
  Duvessa (D:5)
  An acid dragon (D:12)
  2 water moccasins
  2 orc warriors
  A black bear (D:5)
  3 ice beasts
  2 sky beasts
  An ogre (D:7)
  3 centaurs
  2 phantoms
  3 kobold brigands
  2 bullfrogs
  A gnoll sergeant (D:8)
  2 scorpions
  17 wights
  Dowan (D:5)
  8 killer bees
  A howler monkey (D:11)
  4 crimson imps (D:9)
  2 jellies (D:6)
  3 gnoll boudas
  3 orc priests (D:8)
  5 hounds
  2 sleepcaps
  3 iguanas
  6 orc wizards
  Robin (D:2)
  13 gnolls
  9 adders
  A shadow imp (D:8)
  4 white imps
  A worm (D:3)
  A dart slug (D:3)
  40 orcs
  7 endoplasms
  6 giant cockroaches
  14 goblins
  8 hobgoblins
  8 jackals
  2 training dummies (D:5)
  9 ball pythons
  8 bats
  2 frilled lizards (D:3)
  19 kobolds
  7 rats
  A fulminant prism (D:12)
311 creatures vanquished.

Vanquished Creatures (collateral kills)
  A wraith (D:12)
1 creature vanquished.

Vanquished Creatures (others)
  A boulder beetle (D:12)
  A two-headed ogre (D:12)
  A yak (D:10)
  A hound (D:6)
  37 fulminant prisms
41 creatures vanquished.

Grand Total: 353 creatures vanquished

Notes
Turn   | Place    | Note
-------+----------+-------------------------------------------
     0 | D:1      | javelincjr the Djinni Conjurer began the quest for the Orb.
     0 | D:1      | javelincjr set off with the following spells memorised:
                  | Magic Dart, Searing Ray, Dazzling Flash, Fulminant Prism,
                  | Iskenderun's Mystic Blast.
     0 | D:1      | Reached XP level 1. HP: 15/15 MP: 0/0
   108 | D:1      | Reached XP level 2. HP: 18/22 MP: 0/0
   470 | D:1      | Reached skill level 1 in Fighting
   623 | D:2      | Reached XP level 3. HP: 24/27 MP: 0/0
   623 | D:2      | Learned a level 1 spell: Sandblast
   664 | D:2      | Noticed Sigmund
   882 | D:2      | Reached skill level 1 in Armour
  1065 | D:2      | Reached XP level 4. HP: 25/33 MP: 0/0
  1214 | D:2      | Noticed Robin
  1222 | D:2      | Killed Robin
  1223 | D:2      | Reached skill level 2 in Fighting
  1585 | D:2      | Killed Sigmund
  1586 | D:2      | Reached skill level 3 in Fighting
  1586 | D:2      | Reached XP level 5. HP: 31/40 MP: 0/0
  1586 | D:2      | Learned a level 2 spell: Ensorcelled Hibernation
  1586 | D:2      | Reached XP level 6. HP: 36/46 MP: 0/0
  1631 | D:2      | Found a faded altar of an unknown god.
  2290 | D:3      | Found an opulent altar of Gozag.
  2617 | D:3      | Found Emuhierph's Magic Scroll Boutique.
  2625 | D:3      | Bought a scroll of identify for 26 gold pieces
  2772 | D:3      | Gained mutation: Your spells are a little harder to cast,
                  | but a little more powerful. [potion of mutation]
  2773 | D:3      | Lost mutation: Your spells are a little harder to cast, but
                  | a little more powerful. [potion of mutation]
  2773 | D:3      | Gained mutation: Potions are less effective at restoring
                  | your health. [potion of mutation]
  2773 | D:3      | Gained mutation: You are agile. (Dex +4, Str/Int -1)
                  | [potion of mutation]
  2774 | D:3      | Lost mutation: Potions are less effective at restoring your
                  | health. [potion of mutation]
  2774 | D:3      | Lost mutation: You are agile. (Dex +4, Str/Int -1) [potion
                  | of mutation]
  2774 | D:3      | Gained mutation: You possess an exceptional clarity of
                  | mind. [potion of mutation]
  2774 | D:3      | Gained mutation: You expend health (3 HP) to strengthen
                  | your wands. [potion of mutation]
  2774 | D:3      | Gained mutation: You have a pair of small horns on your
                  | head. [potion of mutation]
  2849 | D:3      | Reached XP level 7. HP: 40/50 MP: 0/0
  2849 | D:3      | Learned a level 3 spell: Stone Arrow
  3427 | D:4      | Found a staircase to the Ecumenical Temple.
  3441 | Temple   | Entered the Ecumenical Temple
  3622 | Temple   | Became a worshipper of Qazlal Stormbringer
  3797 | D:4      | Noticed Edmund
  3811 | D:4      | Killed Edmund
  3812 | D:4      | Reached skill level 4 in Fighting
  4001 | D:4      | Found a glowing golden altar of the Shining One.
  4601 | D:5      | Entered Level 5 of the Dungeon
  4791 | D:5      | Reached XP level 8. HP: 34/58 MP: 0/0
  4951 | D:5      | Reached skill level 5 in Spellcasting
  5166 | D:5      | Reached skill level 5 in Fighting
  5248 | D:5      | Noticed Duvessa
  5248 | D:5      | Noticed Dowan
  5258 | D:5      | Killed Duvessa
  5258 | D:5      | Reached * piety under Qazlal
  5268 | D:5      | Killed Dowan
  5781 | D:6      | Found a shadowy altar of Dithmenos.
  5820 | D:6      | Found Vukkeh's Antique Weapon Shoppe.
  6078 | D:6      | Reached skill level 5 in Dodging
  6078 | D:6      | Reached XP level 9. HP: 57/66 MP: 0/0
  6078 | D:6      | Learned a level 4 spell: Anguish
  6128 | D:6      | Reached skill level 6 in Fighting
  7063 | D:7      | Reached skill level 7 in Fighting
  7347 | D:7      | Reached ** piety under Qazlal
  7547 | D:7      | Reached skill level 5 in Armour
  7547 | D:7      | Reached XP level 10. HP: 39/75 MP: 0/0
  7936 | D:7      | Identified the +0 chain mail "Qimeb" {Rampage rPois rF-
                  | Int+3}
  9219 | D:8      | Reached skill level 8 in Fighting
  9414 | D:8      | Reached skill level 1 in Invocations
  9745 | D:8      | Found a staircase to the Lair.
  9862 | D:8      | Noticed a two-headed ogre
  9866 | D:8      | Killed a two-headed ogre
 10449 | D:8      | Reached XP level 11. HP: 62/82 MP: 0/0
 10449 | D:8      | Learned a level 5 spell: Summon Mana Viper
 10463 | D:8      | Reached skill level 9 in Fighting
 10685 | D:8      | Found a snail-covered altar of Cheibriados.
 10688 | D:8      | Found a sacrificial altar of Ru.
 10699 | D:8      | Found the +6 shillelagh "Devastator" {shatter}
 10701 | D:8      | Found a bloodstained altar of Trog.
 10712 | D:8      | Found an iron altar of Okawaru.
 11000 | D:9      | Reached *** piety under Qazlal
 11007 | D:8      | HP: 4/84 [killer bee (5)]
 11661 | D:9      | Found a shimmering altar of Xom.
 11976 | D:10     | Entered Level 10 of the Dungeon
 12030 | D:10     | Reached skill level 10 in Fighting
 12087 | D:10     | Reached **** piety under Qazlal
 12378 | D:10     | Found a blossoming altar of Fedhas.
 12602 | D:10     | Found a staircase to the Orcish Mines.
 12751 | D:11     | Reached XP level 12. HP: 83/91 MP: 0/0
 12841 | D:11     | Noticed Fannar
 12876 | D:11     | Killed Fannar
 12877 | D:11     | Reached skill level 1 in Shields
 12973 | D:11     | Noticed Urug
 12985 | D:11     | Killed Urug
 12986 | D:11     | Reached skill level 1 in Maces & Flails
 13021 | D:11     | Found a broken altar of Ashenzari.
 13430 | D:12     | Noticed a boulder beetle
 13483 | D:12     | Noticed a boulder beetle
 14129 | D:12     | Identified the ring of Ywuochee {Drain rPois Will+ Dex-5
                  | Stlth+}
 14129 | D:12     | Noticed a centaur warrior
 14143 | D:12     | Killed a centaur warrior
 14165 | D:12     | Killed a boulder beetle
 14166 | D:12     | Reached skill level 5 in Invocations
 14276 | D:12     | Killed a boulder beetle
 14291 | D:12     | Reached skill level 11 in Fighting
 14579 | D:12     | Noticed a two-headed ogre
 14579 | D:12     | Noticed a two-headed ogre
 14589 | D:12     | Killed a two-headed ogre
 14590 | D:12     | Reached XP level 13. HP: 72/99 MP: 0/0
 14590 | D:12     | Learned a level 5 spell: Lee's Rapid Deconstruction
 14597 | D:12     | Reached ***** piety under Qazlal
 14648 | D:12     | Noticed a tengu reaver
 14802 | D:12     | Killed from afar by a tengu reaver

Illustrated notes

Levels and vault maps discovered:
D:1:      moated_graveyard_arrival, layout_rooms, minmay_misc_feat_five,
          nicolae_concentric_dashed_squares_wild, kennysheep_crisscross,
          glass_columns_c, minmay_gold_behind_fungi,
          chequers_serial_rivers_room_a
D:2:      layout_loops_cross, shapermc_ecumenical_altar_pompeii, minivault_25,
          uniq_sigmund, uniq_robin
D:3:      layout_loops_corners, nicolae_gozag_seed_capital, serial_shops,
          nicolae_shop_tiny_real_fake_doors, hangedman_decor_opposing
D:4:      layout_loops_cross, lemuel_round_altar,
          minmay_temple_entry_drinking_statues, serial_co_window_serial,
          co_window_cross_1, co_window_corner_a, co_window_corner_a,
          co_window_paths_b, co_window_cross_1, co_window_broadway_c,
          co_window_broadway_a, co_window_broadway_c, co_window_corner_b,
          co_window_paths_c, glass_columns_c, glass_columns_b, glass_columns_c,
          uniq_edmund
D:5:      dreamdust_elfheim, layout_basic
D:6:      layout_basic, nicolae_dithmenos_shadow_blocks, serial_shops, shop
D:7:      layout_layer_cave
D:8:      cheibrodos_steamvent, layout_basic, minmay_overflow_temple_star_hex,
          erik_lair_orcish_takeover, special_room [special_room_orc],
          minmay_misc_feat_tiny
D:9:      layout_big_octagon, led_xom_imps
D:10:     layout_basic, fedhas_altar_3, orc_0_dummy, hex_large,
          chequers_serial_rivers_micro_a
D:11:     layout_long_grid, ashenzari_conservatory_becter, uniq_urug,
          uniq_fannar
D:12:     hourglass_vault, layout_loops_corners, minmay_mirror_moons_of_madness,
          uniq_psyche
Temple:   chequers_temple_sunken

Skill      XL: |  1  2  3  4  5  6  7  8  9 10 11 12 |
---------------+-------------------------------------+-----
Fighting       | 1 3 4 5 7 8 10 11 | 11.5
Armour         | 1 2 3 5 6 7 |  7.9
Dodging        | 3 4 5 6 7 8 9 |  9.1
Spellcasting   | 4 5 6 7 8 9 |  9.6
Invocations    | 2 4 5 |  5.8
Shields        | 3 |  3.4
Maces & Flails | 2 |  2.8
Stealth        | |  1.5

Action                     |  1- 3 |  4- 6 |  7- 9 | 10-12 | 13-15 || total
---------------------------+-------+-------+-------+-------+-------++-------
  Melee: Unarmed           |       |     4 |       |       |       ||     4
         Dagger            |       |    38 |     4 |   110 |       ||   152
         Headbutt          |       |     4 |     3 |    49 |     1 ||    57
         Punch             |       |     1 |       |     7 |       ||     8
         Morningstar       |       |       |    21 |    12 |       ||    33
         Shillelagh        |       |       |       |    97 |     3 ||   100
   Cast: Magic Dart        |    60 |    57 |     5 |     5 |       ||   127
         Searing Ray       |     2 |    11 |     2 |     8 |       ||    23
         Ensorcelled Hiber |       |     9 |     1 |     2 |       ||    12
         Dazzling Flash    |       |     1 |       |     7 |       ||     8
         Stone Arrow       |       |       |   120 |   147 |    14 ||   281
         Anguish           |       |       |     1 |     4 |     1 ||     6
         Fulminant Prism   |       |       |       |    36 |     2 ||    38
         Iskenderun's Myst |       |       |       |    18 |     1 ||    19
         Summon Mana Viper |       |       |       |     5 |     2 ||     7
         Lee's Rapid Decon |       |       |       |       |     3 ||     3
 Invoke: Elemental Force   |       |       |       |       |     1 ||     1
    Use: Scroll            |       |     5 |     5 |    18 |     1 ||    29
         Potion            |       |     3 |       |     6 |       ||     9
   Stab: Sleeping          |       |     8 |     1 |       |       ||     9
         Invisible         |       |     1 |       |     1 |       ||     2
 Armour: Robe              |     1 |    13 |     7 |     1 |       ||    22
         Chain mail        |       |       |       |   161 |       ||   161
         Troll leather arm |       |       |       |    26 |       ||    26
  Dodge: Dodged            |     1 |    33 |    33 |   117 |     2 ||   186
         Repelled          |       |       |       |     3 |       ||     3
  Block: Other             |       |       |     1 |    52 |       ||    53
         Buckler           |       |       |       |     9 |     2 ||    11
